 Dungeon Crawl Stone Soup version 0.28-a0-653-g7e9dba17c3 (webtiles) character file.

Game seed: 15527269971247509623

7 flyleaff the Magician (level 2, 0/23 HPs)
             Began as a Gnoll Wanderer on Oct 12, 2021.
             Slain by a ball python (1 damage)
             ... on level 1 of the Dungeon.
             The game lasted 00:01:29 (680 turns).

flyleaff the Magician (Gnoll Wanderer)               Turns: 680, Time: 00:01:30

Health: 0/23       AC:  2    Str: 11    XL:     2   Next: 4%
Magic:  1/10       EV:  5    Int: 11    God:
Gold:   25         SH:  9    Dex: 11    Spells: 14/15 levels left

rFire   . . .      SeeInvis .   a - +0 club
rCold   . . .      Faith    .   f - +2 kite shield
rNeg    . . .      Spirit   .   b - +0 robe
rPois   .          Reflect  .   (no helmet)
rElec   .          Harm     .   (no cloak)
rCorr   .          Rampage  .   (no gloves)
Will    .....                   (no boots)
Stlth   +.........              (no amulet)
HPRegen 0.07/turn               (no ring)
MPRegen 0.12/turn               (no ring)

@: slightly contaminated, constricted
A: fangs 1, strong nose, distributed training
a: no special abilities


You were on level 1 of the Dungeon.
You visited 1 branch of the dungeon, and saw 1 of its levels.

You collected 25 gold pieces.

Inventory:

Hand Weapons
 a - a +0 club (weapon)
Armour
 b - a +0 robe (worn)
 e - a +0 scale mail
 f - a +2 kite shield (worn)
Scrolls
 d - a scroll of teleportation {unknown}
Potions
 c - a potion of curing


   Skills:
 + Level 2.4 Fighting
 + Level 0.2 Short Blades
 + Level 0.2 Long Blades
 + Level 0.2 Axes
 + Level 2.4 Maces & Flails
 + Level 0.2 Polearms
 + Level 0.2 Staves
 + Level 0.2 Slings
 + Level 0.2 Bows
 + Level 0.2 Crossbows
 + Level 0.2 Throwing
 + Level 2.4 Armour
 + Level 0.2 Dodging
 + Level 0.2 Stealth
 + Level 2.4 Shields
 + Level 0.2 Unarmed Combat
 + Level 7.1 Spellcasting
 + Level 0.1 Conjurations
 + Level 0.1 Hexes
 + Level 0.1 Summonings
 + Level 0.1 Necromancy
 + Level 3.6 Translocations
 + Level 0.1 Transmutations
 + Level 0.1 Fire Magic
 + Level 0.1 Ice Magic
 + Level 0.1 Air Magic
 + Level 0.1 Earth Magic
 + Level 0.1 Poison Magic
 + Level 0.3 Invocations
 + Level 2.4 Evocations


You had 14 spell levels left.
You knew the following spells:

 Your Spells              Type           Power      Damage    Failure   Level
a - Magic Dart            Conj           16%        1d3       63%         1

Your spell library contained the following spells:

 Spells                   Type           Power      Damage    Failure   Level
 Blink                    Tloc           N/A        N/A       28%         2
 Call Imp                 Summ           4%         N/A       77%         2
 Passwall                 Tmut/Erth      3%         N/A       77%         2
 Slow                     Hex            4%         N/A       77%         2
 Wereblood                Tmut           4%         N/A       77%         2
 Conjure Flame            Conj/Fire      4%         6-21      94%         3
 Mephitic Cloud           Conj/Pois/Air  4%         N/A       94%         3


Dungeon Overview and Level Annotations

Branches:
Dungeon (1/15)

Altars:


Innate Abilities, Weirdness & Mutations

You have very sharp teeth.
Your uncanny sense of smell can sniff out nearby items.
Your experience applies equally to all skills.


Message History

Aiming: Magic Dart (safe; 63% risk of failure)
Press: ? - help, Shift-Dir - straight line, f/p - ball python
Aim: a ball python (severely wounded, constricting you, 100% to hit)
You miscast Magic Dart.
You are lightly contaminated with residual magic.
Nothing appears to happen.
The ball python bites you. The ball python constricts you.
Unknown command.
Casting: Magic Dart (safe; 63% risk of failure)
Confirm with . or Enter, or press ? or * to list all spells.
Aiming: Magic Dart (safe; 63% risk of failure)
Press: ? - help, Shift-Dir - straight line, f/p - ball python
Aim: a ball python (severely wounded, constricting you, 100% to hit)
You miscast Magic Dart.
Nothing appears to happen.
The ball python bites you. The ball python constricts you.
The ball python bites you but does no damage.
The ball python constricts you.
Casting: Magic Dart (safe; 63% risk of failure)
Confirm with . or Enter, or press ? or * to list all spells.
Okay, then.
Okay, then.
You aren't wearing any rings or amulets.
You block the ball python's attack.
Keep disrobing?
The ball python constricts you.
You start removing your armour.
You continue taking off your +2 kite shield.
You block the ball python's attack. The ball python constricts you.
You continue taking off your +2 kite shield.
The ball python bites you.
* * * LOW HITPOINT WARNING * * *
The ball python constricts you.
You continue taking off your +2 kite shield.
The ball python barely misses you. The ball python constricts you.
* * * LOW HITPOINT WARNING * * *
You continue taking off your +2 kite shield.
The ball python bites you.
* * * LOW HITPOINT WARNING * * *
The ball python constricts you. The ball python bites you.
You die...

##### ...#
#####.###########
#......S@........
#.###†###.######
#.##...#
#.#..#.######
..##.#.#....#
######.#.##.#
#.#..#.# #.##.#.#
### #....#.# ..#


You could see a ball python.

Vanquished Creatures
  A dart slug (D:1)
  2 hobgoblins (D:1)
  A bat (D:1)
  A frilled lizard (D:1)
  A rat (D:1)
6 creatures vanquished.

Notes
Turn   | Place    | Note
-------+----------+-------------------------------------------
     0 | D:1      | flyleaff the Gnoll Wanderer began the quest for the Orb.
     0 | D:1      | flyleaff set off with the following items: a +0 club, a +0
                  | robe, a potion of curing; and the following spell
                  | memorised: Magic Dart; and the following spells available
                  | to memorise: Blink, Call Imp, Passwall, Slow, Wereblood,
                  | Conjure Flame, Mephitic Cloud
     0 | D:1      | Reached XP level 1. HP: 17/17 MP: 8/8
   463 | D:1      | Reached XP level 2. HP: 15/23 MP: 5/10
   680 | D:1      | HP: 1/23 [ball python (3)]
   680 | D:1      | Slain by a ball python

Illustrated notes

Levels and vault maps discovered:
D:1:      doesnt_arrival_eight_statues, layout_loops_corners,
          shapermc_ecumenical_altar_rom_forum, minmay_crystal_water,
          patterned_corridor

Action                   || total
-------------------------++-------
Melee: Club              ||    20
       Bite              ||     4
 Cast: Magic Dart        ||     6
Armor: Robe              ||     6
Dodge: Dodged            ||    13
Block: Kite shield       ||     9

Table legend: (Time is in decaauts)
 A = Elapsed time spent in this place.
 B = Non-inter-level travel time spent in this place.
 C = Inter-level travel time spent in this place.
 D = Time resting spent in this place.
 E = Time spent auto-exploring this place.
 F = Levels seen in this place.
 G = Mean time per level.
                   A        B        C        D        E       F      G
               +--------+--------+--------+--------+--------+-----+--------+
         Total |    683 |    683 |      0 |      0 |    595 |   1 |  683.0 |
       Dungeon |    683 |    683 |      0 |      0 |    595 |   1 |  683.0 |
               +--------+--------+--------+--------+--------+-----+--------+

Top non-repeatable levels by time:
     D:1: 683 daAuts
